% Time on Ice - ANAHEIM OUTLAWS
Lines # - Real PCT - Wanted PCT - Time Play
Normal Forward
1 - 32% - 36% - 17:04
2 - 29% - 31% - 15:50
3 - 23% - 23% - 12:22
4 - 16% - 10% - 8:53
Normal Defense
1 - 31% - 36% - 16:47
2 - 33% - 31% - 17:40
3 - 30% - 23% - 16:05
4 - 7% - 10% - 3:37
PP Forward
1 - 55% - 55% - 2:10
2 - 45% - 45% - 1:48
PP Defense
1 - 50% - 55% - 2:00
2 - 50% - 45% - 1:58
PK Forward
1 - 44% - 55% - 0:32
2 - 56% - 45% - 0:40
PK Defense
1 - 58% - 55% - 0:42
2 - 42% - 45% - 0:30
PK3 Forward
1 - 0% - 55%
2 - 0% - 45%
PK3 Defense
1 - 0% - 55%
2 - 0% - 45%
44 Forward
1 - 0% - 55%
2 - 0% - 45%
44 Defense
1 - 0% - 55%
2 - 0% - 45%
Last Minute Offensive  - 0:41
Last Minute Defensive  - 0:00
Total
Forward - 60:00
Defense - 60:00
% Time on Ice - BOISE CARIBOUS
Lines # - Real PCT - Wanted PCT - Time Play
Normal Forward
1 - 36% - 36% - 19:28
2 - 31% - 30% - 16:34
3 - 24% - 24% - 13:09
4 - 9% - 10% - 4:58
Normal Defense
1 - 36% - 36% - 19:21
2 - 37% - 36% - 19:55
3 - 27% - 28% - 14:53
4 - 0% - 0% - 0:00
PP Forward
1 - 58% - 65% - 0:42
2 - 42% - 35% - 0:30
PP Defense
1 - 58% - 55% - 0:42
2 - 42% - 45% - 0:30
PK Forward
1 - 48% - 50% - 1:55
2 - 52% - 50% - 2:03
PK Defense
1 - 49% - 55% - 1:56
2 - 51% - 45% - 2:02
PK3 Forward
1 - 0% - 55%
2 - 0% - 45%
PK3 Defense
1 - 0% - 55%
2 - 0% - 45%
44 Forward
1 - 0% - 55%
2 - 0% - 45%
44 Defense
1 - 0% - 55%
2 - 0% - 45%
Last Minute Offensive  - 0:00
Last Minute Defensive  - 0:41
Total
Forward - 60:00
Defense - 60:00
Play-by-Play 1st period 0:01 of 1st period - Michael Rasmussen wins face-off versus Vincent Trocheck in neutral zone. 0:31 of 1st period - Shot by Michael Rasmussen. 0:31 of 1st period - Shot Misses the Net. 0:57 of 1st period - Shot by Michael Bunting. 0:57 of 1st period - Shot Misses the Net. 0:59 of 1st period - Shot by Noah Hanifin. 0:59 of 1st period - Stopped by Ilya Sorokin without a rebound. 1:00 of 1st period - Jean-Gabriel Pageau wins face-off versus Pius Suter in BOISE CARIBOUS zone. 1:21 of 1st period - Shot by Jean-Gabriel Pageau. 1:21 of 1st period - Stopped by Jacob Markstrom without a rebound. 1:22 of 1st period - Charlie Coyle wins face-off versus Adrian Kempe in ANAHEIM OUTLAWS zone. 1:22 of 1st period - Charlie Coyle is hit by Henri Jokiharju. 1:32 of 1st period - Shot by Gabriel Vilardi. 1:32 of 1st period - Shot Misses the Net. 1:34 of 1st period - Shot by Gabriel Vilardi. 1:34 of 1st period - Stopped by Jacob Markstrom without a rebound. 1:35 of 1st period - Kevin Fiala wins face-off versus Kaapo Kakko in ANAHEIM OUTLAWS zone. 2:18 of 1st period - Shot by Moritz Seider. 2:18 of 1st period - Stopped by Jacob Markstrom without a rebound. 2:19 of 1st period - Charlie Coyle wins face-off versus Adrian Kempe in ANAHEIM OUTLAWS zone. 2:36 of 1st period - Shot by Gabriel Vilardi. 2:36 of 1st period - Shot Hit the Post. 2:38 of 1st period - Shot by Lawson Crouse. 2:38 of 1st period - Goal by Lawson Crouse - ANAHEIM OUTLAWS : 0 - BOISE CARIBOUS : 1. 2:39 of 1st period - Jean-Gabriel Pageau wins face-off versus Pius Suter in neutral zone. 3:48 of 1st period - Shot by Charlie Coyle. 3:48 of 1st period - Stopped by Jacob Markstrom without a rebound. 3:49 of 1st period - Vincent Trocheck wins face-off versus Michael Rasmussen in ANAHEIM OUTLAWS zone. 3:56 of 1st period - Shot by Nick Schmaltz. 3:56 of 1st period - Shot Misses the Net. 3:58 of 1st period - Shot by Nick Schmaltz. 3:58 of 1st period - Stopped by Jacob Markstrom without a rebound. 3:59 of 1st period - Vincent Trocheck wins face-off versus Adrian Kempe in ANAHEIM OUTLAWS zone. 4:12 of 1st period - Shot by Carter Verhaeghe. 4:12 of 1st period - Stopped by Ilya Sorokin without a rebound. 4:13 of 1st period - Michael Rasmussen wins face-off versus Gabriel Vilardi in BOISE CARIBOUS zone. 4:13 of 1st period - Jeff Skinner is hit by Marcus Pettersson and loses puck. 4:32 of 1st period - Shot by Lawson Crouse. 4:32 of 1st period - Shot Misses the Net. 4:34 of 1st period - Shot by Marcus Pettersson. 4:34 of 1st period - Shot Misses the Net. 4:36 of 1st period - Shot by Moritz Seider. 4:36 of 1st period - Shot Misses the Net. 4:38 of 1st period - Shot by Moritz Seider. 4:38 of 1st period - Shot Misses the Net. 4:40 of 1st period - Shot by Charlie Coyle. 4:40 of 1st period - Stopped by Jacob Markstrom with a rebound. 4:42 of 1st period - Shot by Charlie Coyle. 4:42 of 1st period - Shot Misses the Net. 5:24 of 1st period - Morgan Rielly is hit by Tim Stutzle and loses puck. 5:33 of 1st period - Shot by Tim Stutzle. 5:33 of 1st period - Stopped by Jacob Markstrom without a rebound. 5:34 of 1st period - Kevin Fiala wins face-off versus Jean-Gabriel Pageau in ANAHEIM OUTLAWS zone. 5:34 of 1st period - Kevin Fiala is hit by Jean-Gabriel Pageau. 6:19 of 1st period - Shot by Matt Duchene. 6:19 of 1st period - Stopped by Jacob Markstrom without a rebound. 6:20 of 1st period - Adrian Kempe wins face-off versus Vincent Trocheck in ANAHEIM OUTLAWS zone. 7:40 of 1st period - Shot by Gabriel Vilardi. 7:40 of 1st period - Shot Misses the Net. 7:53 of 1st period - Shot by Kent Johnson. 7:53 of 1st period - Stopped by Ilya Sorokin without a rebound. 7:54 of 1st period - Jean-Gabriel Pageau wins face-off versus Michael Rasmussen in BOISE CARIBOUS zone. 7:54 of 1st period - Jean-Gabriel Pageau is hit by Jeff Skinner. 8:09 of 1st period - Shot by Artturi Lehkonen. 8:09 of 1st period - Shot Misses the Net. 8:11 of 1st period - Shot by Rasmus Andersson. 8:11 of 1st period - Shot Hit the Post. 8:13 of 1st period - Shot by Matt Duchene. 8:13 of 1st period - Stopped by Jacob Markstrom without a rebound. 8:14 of 1st period - Kevin Fiala wins face-off versus Jesperi Kotkaniemi in ANAHEIM OUTLAWS zone. 8:30 of 1st period - Moritz Seider is hit by Kevin Fiala. 8:44 of 1st period - Shot by Noah Hanifin. 8:44 of 1st period - Stopped by Ilya Sorokin without a rebound. 8:45 of 1st period - Vincent Trocheck wins face-off versus Michael Rasmussen in BOISE CARIBOUS zone. 8:45 of 1st period - Vincent Trocheck is hit by Joey Anderson. 9:50 of 1st period - Shot by Carter Verhaeghe. 9:50 of 1st period - Stopped by Ilya Sorokin with a rebound. 10:08 of 1st period - Shot by Carter Verhaeghe. 10:08 of 1st period - Stopped by Ilya Sorokin without a rebound. 10:09 of 1st period - Pius Suter wins face-off versus Charlie Coyle in BOISE CARIBOUS zone. 10:34 of 1st period - Shot by Lawson Crouse. 10:34 of 1st period - Deflect By Charlie Coyle. 10:34 of 1st period - Stopped by Jacob Markstrom without a rebound. 10:35 of 1st period - Jean-Gabriel Pageau wins face-off versus Kevin Fiala in ANAHEIM OUTLAWS zone. 10:56 of 1st period - Shot by Kevin Fiala. 10:56 of 1st period - Shot Misses the Net. 11:02 of 1st period - Shot by Pierre Engvall. 11:02 of 1st period - Shot Misses the Net. 11:06 of 1st period - Shot by Pierre Engvall. 11:06 of 1st period - Shot Misses the Net. 11:08 of 1st period - Shot by Pierre Engvall. 11:08 of 1st period - Shot Blocked by Jean-Gabriel Pageau. 11:10 of 1st period - Shot by Oliver Ekman-Larsson. 11:10 of 1st period - Shot Blocked by Marcus Pettersson. 11:12 of 1st period - Shot by Kevin Fiala. 11:12 of 1st period - Stopped by Ilya Sorokin without a rebound. 11:13 of 1st period - Jeff Skinner wins face-off versus Vincent Trocheck in BOISE CARIBOUS zone. 11:52 of 1st period - Shot by Michael Rasmussen. 11:52 of 1st period - Shot Misses the Net. 12:45 of 1st period - Shot by Adrian Kempe. 12:45 of 1st period - Shot Blocked by Olli Maatta. 12:47 of 1st period - Shot by Noah Hanifin. 12:47 of 1st period - Stopped by Ilya Sorokin without a rebound. 12:48 of 1st period - Pius Suter wins face-off versus Jean-Gabriel Pageau in BOISE CARIBOUS zone. 12:51 of 1st period - Shot by Jack Quinn. 12:51 of 1st period - Stopped by Ilya Sorokin with a rebound. 12:59 of 1st period - Shot by Artturi Lehkonen. 12:59 of 1st period - Stopped by Jacob Markstrom with a rebound. 13:01 of 1st period - Shot by Matt Duchene. 13:01 of 1st period - Shot Blocked by Pius Suter. 13:31 of 1st period - Shot by Matt Duchene. 13:31 of 1st period - Stopped by Jacob Markstrom with a rebound. 14:14 of 1st period - Shot by Jeff Skinner. 14:14 of 1st period - Shot Blocked by Moritz Seider. 14:22 of 1st period - Shot by Jeff Skinner. 14:22 of 1st period - Shot Misses the Net. 14:24 of 1st period - Shot by Morgan Rielly. 14:24 of 1st period - Deflect By Michael Rasmussen. 14:24 of 1st period - Shot Misses the Net. 14:26 of 1st period - Shot by Joey Anderson. 14:26 of 1st period - Shot Blocked by Moritz Seider. 14:28 of 1st period - Shot by Morgan Rielly. 14:28 of 1st period - Deflect By Jeff Skinner. 14:28 of 1st period - Shot Misses the Net. 14:30 of 1st period - Shot by Michael Rasmussen. 14:30 of 1st period - Stopped by Ilya Sorokin without a rebound. 14:31 of 1st period - Adrian Kempe wins face-off versus Kaapo Kakko in BOISE CARIBOUS zone. 14:55 of 1st period - Kaapo Kakko is hit by Henri Jokiharju and loses puck. 15:15 of 1st period - Icing by Henri Jokiharju. 15:16 of 1st period - Jean-Gabriel Pageau wins face-off versus Adrian Kempe in ANAHEIM OUTLAWS zone. 16:12 of 1st period - Shot by Vincent Trocheck. 16:12 of 1st period - Shot Misses the Net. 16:48 of 1st period - Shot by Vincent Trocheck. 16:48 of 1st period - Shot Blocked by Victor Soderstrom. 16:50 of 1st period - Shot by Dylan DeMelo. 16:50 of 1st period - Shot Blocked by Morgan Rielly. 17:25 of 1st period - Icing by Kent Johnson. 17:26 of 1st period - Pius Suter wins face-off versus Jesperi Kotkaniemi in ANAHEIM OUTLAWS zone. 17:49 of 1st period - Shot by Kaapo Kakko. 17:49 of 1st period - Stopped by Jacob Markstrom without a rebound. 17:50 of 1st period - Charlie Coyle wins face-off versus Carter Verhaeghe in ANAHEIM OUTLAWS zone. 18:23 of 1st period - Shot by Charlie Coyle. 18:23 of 1st period - Stopped by Jacob Markstrom without a rebound. 18:24 of 1st period - Vincent Trocheck wins face-off versus Kevin Fiala in ANAHEIM OUTLAWS zone. 19:09 of 1st period - Shot by Tim Stutzle. 19:09 of 1st period - Shot Misses the Net. 19:35 of 1st period - Shot by Artturi Lehkonen. 19:35 of 1st period - Shot Blocked by Oliver Ekman-Larsson. Goals for this period are 0 for ANAHEIM OUTLAWS vs 1 for BOISE CARIBOUS. Shots for this period are 10 for ANAHEIM OUTLAWS vs 15 for BOISE CARIBOUS. 2nd period 0:01 of 2nd period - Charlie Coyle wins face-off versus Michael Rasmussen in neutral zone. 0:15 of 2nd period - Shot by Charlie Coyle. 0:15 of 2nd period - Stopped by Jacob Markstrom with a rebound. 0:21 of 2nd period - Shot by Lawson Crouse. 0:21 of 2nd period - Shot Misses the Net. 0:59 of 2nd period - Icing by Rasmus Andersson. 1:00 of 2nd period - Vincent Trocheck wins face-off versus Adrian Kempe in BOISE CARIBOUS zone. 1:04 of 2nd period - Off-side. 1:05 of 2nd period - Adrian Kempe wins face-off versus Jean-Gabriel Pageau in neutral zone. 1:35 of 2nd period - Shot by Matt Duchene. 1:35 of 2nd period - Shot Blocked by Noah Hanifin. 1:43 of 2nd period - Shot by Jean-Gabriel Pageau. 1:43 of 2nd period - Stopped by Jacob Markstrom without a rebound. 1:44 of 2nd period - Vincent Trocheck wins face-off versus Pius Suter in ANAHEIM OUTLAWS zone. 1:55 of 2nd period - Shot by Vincent Trocheck. 1:55 of 2nd period - Shot Blocked by Oliver Ekman-Larsson. 1:57 of 2nd period - Shot by Vincent Trocheck. 1:57 of 2nd period - Stopped by Jacob Markstrom without a rebound. 1:58 of 2nd period - Charlie Coyle wins face-off versus Michael Rasmussen in ANAHEIM OUTLAWS zone. 2:03 of 2nd period - Shot by Lawson Crouse. 2:03 of 2nd period - Deflect By Gabriel Vilardi. 2:03 of 2nd period - Shot Blocked by Morgan Rielly. 2:05 of 2nd period - Shot by Lawson Crouse. 2:05 of 2nd period - Shot Misses the Net. 2:07 of 2nd period - Shot by Charlie Coyle. 2:07 of 2nd period - Stopped by Jacob Markstrom without a rebound. 2:08 of 2nd period - Vincent Trocheck wins face-off versus Adrian Kempe in ANAHEIM OUTLAWS zone. 2:19 of 2nd period - Shot by Vincent Trocheck. 2:19 of 2nd period - Shot Misses the Net. 2:24 of 2nd period - Icing by Noah Hanifin. 2:25 of 2nd period - Jean-Gabriel Pageau wins face-off versus Adrian Kempe in ANAHEIM OUTLAWS zone. 2:49 of 2nd period - Shot by Artturi Lehkonen. 2:49 of 2nd period - Stopped by Jacob Markstrom without a rebound. 2:50 of 2nd period - Michael Rasmussen wins face-off versus Vincent Trocheck in ANAHEIM OUTLAWS zone. 3:18 of 2nd period - Icing by Rasmus Ristolainen. 3:19 of 2nd period - Charlie Coyle wins face-off versus Michael Rasmussen in ANAHEIM OUTLAWS zone. 3:31 of 2nd period - Minor Penalty to Lawson Crouse for Hooking. 3:32 of 2nd period - Jean-Gabriel Pageau wins face-off versus Kevin Fiala in BOISE CARIBOUS zone. 3:43 of 2nd period - Shot by Jeff Skinner. 3:43 of 2nd period - Stopped by Ilya Sorokin without a rebound. 3:44 of 2nd period -